 Dungeon Crawl Stone Soup version 0.30-a0-141-g30f27751c5 (webtiles) character file.

Game seed: 7997441254685690566

375 Belterius the Trooper (level 6, -3/39 (56) HPs)
             Began as a Minotaur Fighter on Sept 25, 2022.
             Slain by Duvessa
             ... wielding a +5 short sword of draining
              (5 damage)
             ... on level 4 of the Dungeon.
             The game lasted 00:05:16 (2954 turns).

Belterius the Trooper (Minotaur Fighter)            Turns: 2954, Time: 00:05:18

HP:   -3/39 (56)    AC:  8    Str: 22    XL:     6   Next: 44%
MP:   5/5           EV: 13    Int:  5    God:
Gold: 177           SH:  5    Dex: 10    Spells: 5/5 levels left

rFire   . . .      SeeInvis .    a - +0 war axe
rCold   . . .      Faith    .    c - +0 buckler
rNeg    . . .      Spirit   .    b - +0 scale mail
rPois   .          Reflect  .    (helmet restricted)
rElec   .          Harm     .    (no cloak)
rCorr   .          Rampage  .    (no gloves)
Will    .....                    l - +0 pair of boots
Stlth   ..........               (no amulet)
HPRegen 0.13/turn                m - +4 ring of slaying
MPRegen 0.09/turn                n - +4 ring of evasion

@: mighty, very heavily drained
A: horns 2, retaliatory headbutt
a: no special abilities


You were on level 4 of the Dungeon.
You visited 1 branch of the dungeon, and saw 4 of its levels.

You collected 177 gold pieces.

Inventory:

Hand Weapons
 a - a +0 war axe (weapon)
Armour
 b - a +0 scale mail (worn)
 c - a +0 buckler (worn)
 l - a +0 pair of boots (worn)
Jewellery
 m - a +4 ring of slaying (left hand)
 n - a +4 ring of evasion (right hand)
Scrolls
 f - 2 scrolls of teleportation {unknown}
 i - a scroll of acquirement {unknown}
 p - a scroll of summoning {unknown}
 s - 3 scrolls of torment {unknown}
 t - a scroll of magic mapping {unknown}
 u - a scroll of enchant weapon {unknown}
 v - a scroll of poison {unknown}
 x - a scroll of identify {unknown}
 y - a scroll of silence {unknown}
 z - a scroll of noise {unknown}
Potions
 e - 2 potions of brilliance {unknown}
 g - a potion of heal wounds {unknown}
 h - a potion of curing {unknown}
 j - 2 potions of lignification {unknown}
 k - 2 potions of flight {unknown}
 o - a potion of degeneration {unknown}
 q - a potion of mutation {unknown}
 r - a potion of attraction {unknown}
 w - a potion of invisibility {unknown}


   Skills:
 + Level 5.4 Fighting
 + Level 4.6 Axes
 + Level 5.3 Armour
 + Level 5.3 Shields


You had 5 spell levels left.
You didn't know any spells.
Your spell library contained the following spells:

 Spells                   Type           Power      Damage    Failure   Level
 Freeze                   Ice            0%         1d3       86%         1
 Frozen Ramparts          Ice            0%         1d1       99%         3
 Hailstorm                Conj/Ice       0%         3d3       100%        4
 Summon Forest            Summ/Tloc      0%         N/A       100%        5
 Eringya's Noxious Bog    Tmut/Pois      0%         N/A       100%        6
 Summon Hydra             Summ           0%         N/A       100%        7


Dungeon Overview and Level Annotations

Branches:
Dungeon (4/15)
 Temple: D:4-7

Altars:
Kikubaaqudgha

Shops:
D:2 [

Annotations:
D:3 Sigmund
D:4 Dowan, Duvessa


Innate Abilities, Weirdness & Mutations

You have a pair of horns on your head.
You reflexively headbutt those who attack you in melee.


Message History

Duvessa is lightly wounded.
Duvessa hits you with a +5 short sword of draining.
You feel drained.
You barely miss Duvessa. Your headbutt misses Duvessa.
Duvessa is lightly wounded.
Duvessa hits you with a +5 short sword of draining.
You feel drained. Duvessa closely misses you. You furiously retaliate!
You headbutt Duvessa. You hit Duvessa.
Duvessa is heavily wounded.
Duvessa hits you with a +5 short sword of draining!
You feel drained.
You barely miss Duvessa. You headbutt Duvessa!
Duvessa is severely wounded.
Duvessa hits you with a +5 short sword of draining!
You feel drained.
Dowan gestures wildly while chanting.
Dowan blinks!
You closely miss Duvessa. Your headbutt misses Duvessa.
Duvessa is severely wounded.
Duvessa says, "When magic and the sword combine, nothing stands against them."
Duvessa hits you with a +5 short sword of draining.
You feel drained.
You hit Duvessa.
Duvessa is severely wounded.
Duvessa says, "Practise, practise, practise!
One day you'll be as good as me." Duvessa misses you.
Duvessa hits you with a +5 short sword of draining!
* * * LOW HITPOINT WARNING * * *
You feel drained.
* * * LOW HITPOINT WARNING * * *
You feel very mighty all of a sudden.
Duvessa hits you with a +5 short sword of draining.
* * * LOW HITPOINT WARNING * * *
You feel drained.
* * * LOW HITPOINT WARNING * * *
You hit Duvessa.
Duvessa is almost dead.
Duvessa hits you with a +5 short sword of draining.
You die...

##...~....~...
##............. ###
##..............
....#..>............
#...............#
#.###..##....##.# #
#..####..##.#
#####.###..####..##.#
.......@ee...†......#
#####.####†####.....#
# ...# #.###.#
#.....#.# #.#
#...#.#.###.###
#####.#..>....#
#####)#.## #.#...
#.####


You could see Duvessa and Dowan.

Vanquished Creatures
  Grinder (D:3)
  An orc priest (D:2)
  4 gnolls (D:3)
  3 adders
  A worm (D:2)
  9 orcs
  7 bats
  9 endoplasms
  A giant cockroach (D:2)
  4 goblins
  5 hobgoblins
  10 kobolds
  5 quokkas
  10 ball pythons
  4 frilled lizards
  6 rats (D:2)
80 creatures vanquished.

Notes
Turn   | Place    | Note
-------+----------+-------------------------------------------
     0 | D:1      | Belterius the Minotaur Fighter began the quest for the Orb.
     0 | D:1      | Reached XP level 1. HP: 19/19 MP: 0/0
   199 | D:1      | Reached XP level 2. HP: 21/27 MP: 1/1
   722 | D:2      | Reached XP level 3. HP: 32/33 MP: 2/2
  1291 | D:2      | Reached XP level 4. HP: 41/41 MP: 3/3
  1329 | D:2      | Found Saegugh's Antique Armour Emporium.
  1845 | D:3      | Reached XP level 5. HP: 34/47 MP: 4/4
  1940 | D:3      | Noticed Sigmund
  2419 | D:3      | Found an ancient bone altar of Kikubaaqudgha.
  2494 | D:3      | Noticed Grinder
  2503 | D:3      | Killed Grinder
  2504 | D:3      | Reached skill level 5 in Fighting
  2504 | D:3      | Reached skill level 5 in Armour
  2504 | D:3      | Reached skill level 5 in Shields
  2504 | D:3      | Reached XP level 6. HP: 18/56 MP: 5/5
  2932 | D:4      | Noticed Duvessa
  2932 | D:4      | Noticed Dowan
  2954 | D:4      | Slain by Duvessa

Illustrated notes

Levels and vault maps discovered:
D:1:      ebering_trefoil_twist, layout_rooms, minmay_unequal
D:2:      minmay_diamond_boxcup, layout_loops_corners, serial_shops, shop,
          st_stairs_11
D:3:      layout_loops_cross, mainiacjoe_overflow_catwalk,
          ebering_ecumenical_altar_hall, uniq_sigmund, uniq_grinder, uniq_ijyb
D:4:      layout_loops_ring, chequers_temple_overflow_statue_of_worship,
          skrybe_limestone_x, uniq_duvessa, uniq_menkaure

Skill      XL: |  1  2  3  4  5 |
---------------+----------------+-----
Armour         | 4 5 |  5.3
Fighting       | 4 5 |  5.4
Shields        | 4 5 |  5.3
Axes           | 3 4 |  4.6

Action                   |  1- 3 |  4- 6 || total
-------------------------+-------+-------++-------
Melee: War axe           |    75 |    60 ||   135
       Headbutt          |     7 |    11 ||    18
  Use: Potion            |       |     2 ||     2
Armor: Scale mail        |    26 |    17 ||    43
Dodge: Dodged            |    43 |    24 ||    67
Block: Buckler           |    20 |    10 ||    30

Table legend: (Time is in decaauts)
 A = Elapsed time spent in this place.
 B = Non-inter-level travel time spent in this place.
 C = Inter-level travel time spent in this place.
 D = Time resting spent in this place.
 E = Time spent auto-exploring this place.
 F = Levels seen in this place.
 G = Mean time per level.
                   A        B        C        D        E       F      G
               +--------+--------+--------+--------+--------+-----+--------+
         Total |   3005 |   2855 |    150 |    557 |   1827 |   4 |  751.2 |
       Dungeon |   3005 |   2855 |    150 |    557 |   1827 |   4 |  751.2 |
               +--------+--------+--------+--------+--------+-----+--------+

Top non-repeatable levels by time:
     D:2: 1507 daAuts
     D:1: 730 daAuts
     D:3: 669 daAuts
     D:4: 98 daAuts
